 Dungeon Crawl Stone Soup version 0.20.1-1-g8b1a95d (webtiles) character file.

303 vineage the Shield-Bearer (level 6, -1/48 HPs)
             Began as a Demonspawn Fighter on Oct 6, 2017.
             Succumbed to a worker ant's poison
             ... on level 4 of the Dungeon.
             The game lasted 00:04:28 (2686 turns).

vineage the Shield-Bearer (Demonspawn Fighter)      Turns: 2686, Time: 00:04:29

Health: -1/48      AC:  9    Str: 18    XL:     6   Next: 15%
Magic:  0/6        EV:  7    Int:  9    God:
Gold:   218        SH:  9    Dex: 13    Spells: 5/5 levels left

rFire    . . .     SeeInvis .   a - +0 long sword
rCold    . . .     Gourm    .   c - +0 shield
rNeg     . . .     Faith    .   b - +0 scale mail
rPois    .         Spirit   +   (no helmet)
rElec    .         Reflect  .   (no cloak)
rCorr    .         Harm     .   (no gloves)
MR       .....                  (no boots)
Stlth    ..........             (no amulet)
Regen    0.2/turn               (no ring)
MPRegen  0.1/turn               (no ring)

@: lethally poisoned (-1 -> -19)
A: molten scales 1, powered by death 1, magic shield
a: no special abilities


You were on level 4 of the Dungeon.
You were near starving.

You visited 1 branch of the dungeon, and saw 4 of its levels.

You collected 218 gold pieces.

Inventory:

Hand Weapons
 a - a +0 long sword (weapon)
Armour
 b - a +0 scale mail (worn)
 c - a +0 shield (worn)
Scrolls
 g - 3 scrolls of identify {unknown}
 i - 7 scrolls of remove curse {unknown}
 j - 2 scrolls of immolation {unknown}
 k - a scroll of teleportation {unknown}
Comestibles
 f - 2 bread rations
 n - a meat ration
 p - a royal jelly


   Skills:
 + Level 3.7 Fighting
 + Level 3.8 Long Blades
 + Level 3.7 Armour
 + Level 0.8 Dodging
 + Level 0.2 Stealth
 + Level 3.8 Shields


You had 5 spell levels left.
You didn't know any spells.

Dungeon Overview and Level Annotations

Branches:
Dungeon (4/15)
 Temple: D:4-7

Altars:
Nemelex Xobeh
Qazlal


Innate Abilities, Weirdness & Mutations

You are partially covered in molten scales. (AC +2)
You regenerate a little health from kills.
When hurt, damage is shared between your health and your magic reserves.


Message History

* * * LOW HITPOINT WARNING * * *
You are lethally poisoned!
The worker ant poisons you! The worker ant bites you.
* * * LOW HITPOINT WARNING * * *
You aren't carrying any potions.
You closely miss the worker ant.
The worker ant is heavily wounded.
* * * LOW HITPOINT WARNING * * *
You feel sick. The worker ant barely misses you.
You barely miss the worker ant.
The worker ant is heavily wounded.
You hear the slow rusting of a very distant drain.
* * * LOW HITPOINT WARNING * * *
You feel sick. The worker ant bites you.
* * * LOW HITPOINT WARNING * * *
You are more poisoned.
The worker ant poisons you! The worker ant barely misses you.
You hit the worker ant but do no damage.
The worker ant is heavily wounded.
You die...

### ###
#.#######.######
#..............#
##.#######.###..#
#.## #.## ##.#
#.# #..###..##
##.# #......##
#@.#
#.####..####a## #
##...#...## ###
##........ #.#
###..####....
######.###.....#
##....
#...........#..#
....
.........#####..#
... ..#...#..#
#..# ..


You could see a worker ant.

Vanquished Creatures
  The ghost of Frank the Shield-Bearer, an amateur OpFi (D:3)
  An orc wizard (D:3)
  Terence (D:3)
  A worker ant (D:4)
  An iguana (D:3)
  3 adders
  3 worms
  A dart slug (D:1)
  A leopard gecko (D:3)
  9 orcs (D:3)
  4 giant cockroaches
  8 goblins
  10 hobgoblins
  10 jackals
  4 kobolds
  7 bats
  7 frilled lizards
  4 rats
76 creatures vanquished.

Notes
Turn   | Place    | Note
-------+----------+-------------------------------------------
     0 | D:1      | vineage the Demonspawn Fighter began the quest for the Orb.
     0 | D:1      | Reached XP level 1. HP: 18/18 MP: 1/1
    76 | D:1      | Gained mutation: You are partially covered in molten scales. (AC +2) [demonic ancestry]
    76 | D:1      | Reached XP level 2. HP: 23/24 MP: 2/2
    86 | D:1      | Found a sparkling altar of Nemelex Xobeh.
   441 | D:1      | Gained mutation: You regenerate a little health from kills. [demonic ancestry]
   441 | D:1      | Reached XP level 3. HP: 26/29 MP: 3/3
  1316 | D:3      | Reached XP level 4. HP: 33/35 MP: 4/4
  1687 | D:3      | Found a stormy altar of Qazlal.
  1849 | D:3      | Noticed Frank's ghost (amateur OpFi)
  1871 | D:3      | Killed Frank's ghost
  1871 | D:3      | Reached XP level 5. HP: 17/41 MP: 5/5
  1916 | D:3      | Noticed Terence
  1939 | D:3      | Killed Terence
  2426 | D:3      | Gained mutation: When hurt, damage is shared between your health and your magic reserves. [demonic ancestry]
  2426 | D:3      | Reached XP level 6. HP: 47/47 MP: 6/6
  2685 | D:4      | HP: 1/48 [worker ant (2)]
  2686 | D:4      | Succumbed to a worker ant's poison

Skill      XL: |  1  2  3  4 |
---------------+-------------+-----
Armour         | 3 |  3.7
Long Blades    | 2 3 |  3.8
Shields        | 3 |  3.8
Fighting       | |  3.7
Dodging        | |  0.8
Stealth        | |  0.2

Action                   |  1- 3 |  4- 6 || total
-------------------------+-------+-------++-------
Melee: Long sword        |   191 |   166 ||   357
  Use: Potion            |       |     7 ||     7
  Eat: Chunk             |     1 |     4 ||     5
Armor: Scale mail        |   120 |    73 ||   193
Dodge: Dodged            |    75 |    43 ||   118
Block: Shield            |   126 |    83 ||   209
       Rpst.: Long sword |    29 |    15 ||    44
